 Dungeon Crawl Stone Soup version 0.20-a0-672-gd6c3c51 (webtiles) character file.

313 Murumi the Shield-Bearer (level 6, -1/48 HPs)
             Began as a Formicid Fighter on Feb 17, 2017.
             Slain by a killer bee (3 damage)
             ... on level 4 of the Dungeon.
             The game lasted 00:08:42 (2348 turns).

Murumi the Shield-Bearer (Formicid Fighter)         Turns: 2348, Time: 00:08:42

Health: -1/48      AC:  7    Str: 25    XL:     6   Next: 71%
Magic:  6/6        EV: 10    Int: 10    God:
Gold:   79         SH: 11    Dex: 10    Spells: 5/5 levels left

rFire    + . .     SeeInvis +   a - +1 long sword
rCold    + . .     Gourm    .   b - +0 scale mail
rNeg     . . .     Faith    .   c - +1 shield
rPois    +         Spirit   .   (helmet unavailable)
rElec    +         Reflect  .   (no cloak)
rCorr    +         Harm     .   (no gloves)
MR       .....                  (no boots)
Stlth    ..........             (no amulet)
Regen    0.2/turn               (no ring)
MPRegen  0.1/turn               (no ring)

@: mighty, resistant
A: permanent stasis, dig shafts and tunnels, four strong arms, antennae 3,
clever 1, weak 1, wild magic 1
a: Dig, Shaft Self


You were on level 4 of the Dungeon.
You were not hungry.

You visited 1 branch of the dungeon, and saw 4 of its levels.

You collected 79 gold pieces.

Inventory:

Hand Weapons
 a - a +1 long sword (weapon)
Missiles
 l - 16 bolts
Armour
 b - a +0 scale mail (worn)
 c - a +1 shield (worn)
Potions
 e - a potion of resistance
 g - a potion of curing
Comestibles
 f - 3 bread rations
 h - a royal jelly
 i - a chunk of flesh
 k - 2 meat rations


   Skills:
 - Level 4.0 Fighting
 - Level 3.0 Long Blades
 - Level 4.2 Armour
 + Level 2.0 Dodging
 - Level 6.2 Shields


You had 5 spell levels left.
You didn't know any spells.

Dungeon Overview and Level Annotations

Branches:
Dungeon (3/15)

Altars:
Fedhas
Qazlal
Ru


Innate Abilities, Weirdness & Mutations

You cannot be hasted, slowed, berserked, paralysed or teleported.
You can dig through walls and to a lower floor.
Your four strong arms can wield two-handed weapons with a shield.
You have a pair of large antennae on your head. (SInv)
Your mind is acute. (Int +2)
You are weak. (Str -2)
Your spells are a little harder to cast, but a little more powerful.


Message History

You block the killer bee's attack. The killer bee closely misses you.
You miss the killer bee. You block the killer bee's attack.
The killer bee closely misses you.
You riposte.
You closely miss the killer bee. You block the killer bee's attack.
You barely miss the killer bee. You block the killer bee's attack.
The killer bee stings you.
* * * LOW HITPOINT WARNING * * *
You miss the killer bee. You block the killer bee's attack.
The killer bee barely misses you.
The killer bee stings you but does no damage.
You miss the killer bee. You block the killer bee's attack.
The killer bee barely misses you.
You closely miss the killer bee. You block the killer bee's attack.
The killer bee stings you.
* * * LOW HITPOINT WARNING * * *
You block the killer bee's attack.
It was a potion of mutation.
You feel extremely strange.
You feel weaker.
You feel clever.
You feel less in control of your magic. You block the killer bee's attack.
The killer bee stings you.
You die...

..#... .%#.. .... ...
##.. ...## .# #..#
### .. #@## .... ..
##y#####... ..
#{y......## .
#....#....# ..
##...##....####..
###....#......#...##
...........##....#..#
###.y......##...##..#
##........#........#


You could see 2 killer bees.

Vanquished Creatures
  3 killer bees (D:4)
  A howler monkey (D:4)
  A hound (D:4)
  5 adders
  2 oozes (D:2)
  2 worms (D:2)
  5 dart slugs
  A leopard gecko (D:2)
  5 bats
  3 giant cockroaches
  3 goblins
  4 hobgoblins
  2 ball pythons (D:2)
  3 frilled lizards
  11 kobolds
  10 rats
61 creatures vanquished.

Notes
Turn   | Place    | Note
-------+----------+-------------------------------------------
     0 | D:1      | Murumi the Formicid Fighter began the quest for the Orb.
     0 | D:1      | Reached XP level 1. HP: 18/18 MP: 1/1
   159 | D:1      | Reached skill level 1 in Dodging
   244 | D:1      | Reached XP level 2. HP: 17/24 MP: 2/2
   651 | D:1      | Reached XP level 3. HP: 29/29 MP: 3/3
   772 | D:1      | Reached skill level 4 in Shields
  1254 | D:2      | Reached XP level 4. HP: 28/35 MP: 4/4
  1383 | D:2      | Found a sacrificial altar of Ru.
  1497 | D:2      | Found a stormy altar of Qazlal.
  1631 | D:2      | Found a blossoming altar of Fedhas.
  1710 | D:2      | Reached XP level 5. HP: 42/42 MP: 5/5
  2065 | D:3      | You fall through a shaft!
  2332 | D:4      | Reached skill level 5 in Shields
  2332 | D:4      | Reached XP level 6. HP: 34/48 MP: 6/6
  2338 | D:4      | Reached skill level 6 in Shields
  2347 | D:4      | HP: 2/48 [killer bee (5)]
  2348 | D:4      | Gained mutation: You are weak. (Str -2) [potion of mutation]
  2348 | D:4      | Gained mutation: Your mind is acute. (Int +2) [potion of mutation]
  2348 | D:4      | Gained mutation: Your spells are a little harder to cast, but a little more powerful. [potion of mutation]
  2348 | D:4      | Slain by a killer bee

Vault maps used:
D:1:      evilmike_arrival_hilbert_curve, serial_bayou_lake_a
D:2:      nicolae_qazlal_general_emergency, lemuel_round_altar, first_bread,
          supply_closet_lemuel, nrook_mini_backslash,
          nicolae_ru_sacrificial_ziggurat
D:3:      lemuel_coloured_pillars_altar
D:4:      minmay_temple_entry_glassed_door

Skill      XL: |  1  2  3  4  5  6 |
---------------+-------------------+-----
Dodging        | 1 2 |  2.0
Shields        | 4 5 6 |  6.2
Long Blades    | 3 |  3.0
Fighting       | 4 |  4.0
Armour         | 4 |  4.2

Action                   |  1- 3 |  4- 6 || total
-------------------------+-------+-------++-------
Melee: Long sword        |   104 |   133 ||   237
 Abil: Dig               |     2 |     1 ||     3
  Use: Scroll            |     2 |     4 ||     6
       Potion            |       |     4 ||     4
 Stab: Distracted        |       |     1 ||     1
  Eat: Chunk             |     1 |     4 ||     5
Armor: Scale mail        |    43 |    57 ||   100
Dodge: Dodged            |    34 |    58 ||    92
Block: Shield            |    62 |    83 ||   145
       Rpst.: Long sword |     8 |    17 ||    25
